| TOP OF THE 1ST |
|
Springfield Cardinals batting - Pitching for Tennessee Smokies : RHP Roberto Cruz
|
|
Pitching: RHP Roberto Cruz
|
|
|
Batting: RHB Fortunato Fteira
|
0-0: Foul Ball, location: 2F 0-1: Called Strike 0-2: Ball 1-2: Foul Ball, location: 2F 1-2: Foul Ball, location: 2F 1-2: Strikes out looking
|
|
Batting: RHB McGwire Jones
|
0-0: Ball 1-0: Ground out 5-3 (Groundball, 5, EV 85.6 MPH)
|
|
Batting: LHB Angelo Vasquez
|
0-0: Ball 1-0: Fly out, F7 (Line Drive, 78M, EV 95.0 MPH)
|
| Top of the 1st over - 0 runs, 0 hits, 0 errors, 0 left on base; Springfield 0 - Tennessee 0 |
| BOTTOM OF THE 1ST |
|
Tennessee Smokies batting - Pitching for Springfield Cardinals : RHP Mike Tallerico
|
|
Pitching: RHP Mike Tallerico
|
|
|
Batting: LHB Nate Greening
|
0-0: Foul Ball, location: 2F 0-1: Ball 1-1: Ball 2-1: Swinging Strike 2-2: Ball 3-2: Foul Ball, location: 2F 3-2: Base on Balls
|
|
Batting: RHB Du Kim
|
0-0: Ball Nate Greening steals 2nd base 1-0: Ground out 5-3 (Groundball, 5S, EV 85.0 MPH)
|
|
Batting: RHB Ricky Ramirez
|
0-0: Foul Ball, location: 2F 0-1: Ball 1-1: Ball 2-1: Ball 3-1: Called Strike 3-2: Foul Ball, location: 2F 3-2: Fly out, F4 (Popup, 4, EV 77.5 MPH)
|
|
Batting: LHB Daigo Ishii
|
0-0: Swinging Strike 0-1: Swinging Strike 0-2: Ball 1-2: Ball 2-2: Ball 3-2: Fly out, F8 (Flyball, 8LD, EV 85.0 MPH)
|
| Bottom of the 1st over - 0 runs, 0 hits, 0 errors, 1 left on base; Springfield 0 - Tennessee 0 |
| TOP OF THE 2ND |
|
Springfield Cardinals batting - Pitching for Tennessee Smokies : RHP Roberto Cruz
|
|
Batting: RHB Pablo Nunez
|
0-0: Swinging Strike 0-1: Ball 1-1: Ball 2-1: Reached on error, E6 (Groundball, 6, EV 102.5 MPH)
|
|
Batting: LHB Travis Ruppel
|
0-0: Called Strike 0-1: Swinging Strike 0-2: Ball 1-2: Foul Ball, location: 2F 1-2: Strikes out looking
|
|
Pitching: RHP Bogdan Sdobnyakov
|
|
|
Batting: RHB Tommy Boudreaux
|
0-0: Swinging Strike 0-1: Swinging Strike 0-2: Ball 1-2: SINGLE (Groundball, 4MD, EV 105.0 MPH) Pablo Nunez to third Runner from 3rd tries for Home, SAFE, throw by CF to home Tommy Boudreaux to second
|
|
Batting: RHB Davey Beeson
|
0-0: Called Strike 0-1: Swinging Strike 0-2: Ball 1-2: Ball 2-2: Ball 3-2: Strikes out swinging
|
|
Batting: RHB Immel Kamuzu
|
0-0: Called Strike 0-1: Ball 1-1: Ball 2-1: Swinging Strike 2-2: Ball 3-2: Base on Balls
|
|
Batting: RHB Kalidas Mishra
|
0-0: Ball 1-0: Ball 2-0: Ball 3-0: Base on Balls Tommy Boudreaux to third Immel Kamuzu to second
|
|
Pitching: LHP Ricardo Saucedo
|
|
|
Batting: RHB Fortunato Fteira
|
0-0: Ball 1-0: Foul Ball, location: 2F 1-1: Ball 2-1: Foul Ball, location: 2F 2-2: Foul Ball, location: 2F 2-2: Foul Ball, location: 2F 2-2: Ball 3-2: Base on Balls Tommy Boudreaux scores Immel Kamuzu to third Kalidas Mishra to second
|
|
Batting: RHB McGwire Jones
|
0-0: Ball 1-0: Ball 2-0: Ball 3-0: Base on Balls Immel Kamuzu scores Kalidas Mishra to third Fortunato Fteira to second
|
|
Batting: LHB Angelo Vasquez
|
0-0: Called Strike 0-1: Ball 1-1: Foul Ball, location: 2F 1-2: Fly out, F9 (Flyball, 9, EV 88.1 MPH)
|
| Top of the 2nd over - 3 runs, 1 hit, 1 error, 3 left on base; Springfield 3 - Tennessee 0 |
| BOTTOM OF THE 2ND |
|
Tennessee Smokies batting - Pitching for Springfield Cardinals : RHP Mike Tallerico
|
|
Batting: RHB Juan Bonilla
|
0-0: Ball 1-0: Ball 2-0: Foul Ball, location: 2F 2-1: SINGLE (Groundball, 56D, EV 95.0 MPH)
|
|
Batting: RHB Armando Vilano
|
0-0: Called Strike 0-1: SINGLE (Groundball, 6M, EV 101.9 MPH) (infield hit) Juan Bonilla to second
|
|
Batting: RHB Roy Battist
|
0-0: Swinging Strike 0-1: Foul Ball, location: 2F 0-2: Foul Ball, location: 2F 0-2: Fly out, F9 (Flyball, 89S, EV 88.8 MPH)
|
|
Batting: LHB Emir Jalil
|
0-0: Called Strike 0-1: Foul Ball, location: 2F 0-2: Foul Ball, location: 2F 0-2: Foul Ball, location: 2F 0-2: Ball 1-2: Strikes out swinging
|
|
Batting: RHB Dylan Burke
|
0-0: Ball 1-0: Called Strike 1-1: Ball 2-1: SINGLE (Line Drive, 9, EV 103.1 MPH) Juan Bonilla to third Armando Vilano to second Runner from 3rd tries for Home, SAFE, throw by RF to home
|
|
Batting: LHB Nate Greening
|
0-0: Ground out 5-3 (Groundball, 15, EV 93.1 MPH)
|
| Bottom of the 2nd over - 1 run, 3 hits, 0 errors, 2 left on base; Springfield 3 - Tennessee 1 |
| TOP OF THE 3RD |
|
Springfield Cardinals batting - Pitching for Tennessee Smokies : LHP Ricardo Saucedo
|
|
Batting: RHB Pablo Nunez
|
0-0: Foul Ball, location: 2F 0-1: Ball 1-1: Foul Ball, location: 2F 1-2: Ground out 2-3 (Groundball, 13S, EV 76.2 MPH)
|
|
Pitching: RHP Jose Ramirez
|
|
|
Batting: LHB Travis Ruppel
|
0-0: SINGLE (Line Drive, 78S, EV 112.5 MPH)
|
|
Batting: RHB Tommy Boudreaux
|
0-0: Foul Ball, location: 2F 0-1: SINGLE (Flyball, 8LS, EV 87.5 MPH) Travis Ruppel to second
|
|
Batting: RHB Davey Beeson
|
0-0: Ball 1-0: DOUBLE (Flyball, 8RXD, EV 99.4 MPH) Travis Ruppel scores Tommy Boudreaux to third
|
|
Batting: RHB Immel Kamuzu
|
0-0: Called Strike 0-1: Ball 1-1: Ball 2-1: Ball 3-1: Base on Balls
|
|
Batting: RHB Kalidas Mishra
|
0-0: Called Strike 0-1: Called Strike 0-2: Foul Ball, location: 2F 0-2: Fly out, F4 (Line Drive, 4, EV 69.4 MPH)
|
|
Batting: RHB Fortunato Fteira
|
0-0: Foul Ball, location: 2F 0-1: Foul Ball, location: 2F 0-2: Ball 1-2: Ground out 4-3 (Groundball, 4, EV 85.6 MPH)
|
| Top of the 3rd over - 1 run, 3 hits, 0 errors, 3 left on base; Springfield 4 - Tennessee 1 |
| BOTTOM OF THE 3RD |
|
Tennessee Smokies batting - Pitching for Springfield Cardinals : RHP Mike Tallerico
|
|
Batting: RHB Du Kim
|
0-0: Ground out 2-3 (Groundball, 2L, EV 66.2 MPH)
|
|
Batting: RHB Ricky Ramirez
|
0-0: Ball 1-0: Called Strike 1-1: Swinging Strike 1-2: Ball 2-2: Strikes out looking
|
|
Batting: LHB Daigo Ishii
|
0-0: Swinging Strike 0-1: Called Strike 0-2: Strikes out swinging
|
| Bottom of the 3rd over - 0 runs, 0 hits, 0 errors, 0 left on base; Springfield 4 - Tennessee 1 |
| TOP OF THE 4TH |
|
Springfield Cardinals batting - Pitching for Tennessee Smokies : RHP Jose Ramirez
|
|
Pitching: RHP Velimir Sljivancanin
|
|
|
Batting: RHB McGwire Jones
|
0-0: Called Strike 0-1: Ball 1-1: Ball 2-1: Foul Ball, location: 2F 2-2: Fly out, F3 (Line Drive, 34, EV 66.9 MPH)
|
|
Batting: LHB Angelo Vasquez
|
0-0: Fly out, F7 (Flyball, 7LSF, EV 93.1 MPH)
|
|
Batting: RHB Pablo Nunez
|
0-0: Ball 1-0: Ball 2-0: Ball 3-0: Base on Balls
|
|
Batting: LHB Travis Ruppel
|
0-0: Called Strike 0-1: Ball 1-1: 2-RUN HOME RUN (Flyball, 9D, EV 96.9 MPH), Distance : 369 ft
|
|
Batting: RHB Tommy Boudreaux
|
0-0: Ball 1-0: Swinging Strike 1-1: Called Strike 1-2: Fly out, F8 (Flyball, 8LM, EV 87.5 MPH)
|
| Top of the 4th over - 2 runs, 1 hit, 0 errors, 0 left on base; Springfield 6 - Tennessee 1 |
| BOTTOM OF THE 4TH |
|
Tennessee Smokies batting - Pitching for Springfield Cardinals : RHP Mike Tallerico
|
|
Batting: RHB Juan Bonilla
|
0-0: Called Strike 0-1: Foul Ball, location: 2F 0-2: Ground out 5-3 (Groundball, 56, EV 96.9 MPH)
|
|
Batting: RHB Armando Vilano
|
0-0: Foul Ball, location: 2F 0-1: Ball 1-1: Foul Ball, location: 2F 1-2: Strikes out swinging, 2-3 out at first.
|
|
Batting: RHB Roy Battist
|
0-0: Ball 1-0: Called Strike 1-1: Swinging Strike 1-2: Ball 2-2: Strikes out looking
|
| Bottom of the 4th over - 0 runs, 0 hits, 0 errors, 0 left on base; Springfield 6 - Tennessee 1 |
| TOP OF THE 5TH |
|
Springfield Cardinals batting - Pitching for Tennessee Smokies : RHP Velimir Sljivancanin
|
|
Batting: RHB Davey Beeson
|
0-0: Ball 1-0: Foul Ball, location: 2F 1-1: Ball 2-1: Swinging Strike 2-2: Ball 3-2: Foul Ball, location: 2F 3-2: Base on Balls
|
|
Pitching: RHP Anastagio Fasola
|
|
|
Batting: RHB Immel Kamuzu
|
0-0: Called Strike 0-1: Swinging Strike 0-2: Ball 1-2: Strikes out looking
|
|
Batting: RHB Kalidas Mishra
|
0-0: Called Strike 0-1: Foul Ball, location: 2F 0-2: DOUBLE (Line Drive, 8LXD, EV 106.9 MPH) Davey Beeson to third
|
|
Batting: RHB Fortunato Fteira
|
0-0: Reached on error, E4 (Groundball, 4, EV 85.0 MPH) Davey Beeson scores Kalidas Mishra to third
|
|
Batting: RHB McGwire Jones
|
0-0: Called Strike 0-1: Called Strike 0-2: Foul Ball, location: 2F 0-2: Ball 1-2: Foul Ball, location: 2F 1-2: Ball 2-2: Ball 3-2: Foul Ball, location: 2F 3-2: Base on Balls Fortunato Fteira to second
|
|
Batting: LHB Angelo Vasquez
|
0-0: Called Strike 0-1: Called Strike 0-2: SINGLE (Line Drive, 6M, EV 93.8 MPH) Kalidas Mishra scores Fortunato Fteira to third McGwire Jones to second Runner from 3rd tries for Home, SAFE, throw by CF to home
|
|
Batting: RHB Pablo Nunez
|
0-0: Ball 1-0: DOUBLE (Flyball, 78XD, EV 100.6 MPH) McGwire Jones scores Angelo Vasquez to third Runner from 3rd tries for Home, SAFE, no throw by LF
|
|
Pitching: RHP Alvaro Romero
|
|
|
Batting: LHB Travis Ruppel
|
0-0: Ball 1-0: Ball 2-0: Called Strike 2-1: Ball 3-1: Base on Balls
|
|
Batting: RHB Tommy Boudreaux
|
0-0: Called Strike 0-1: Fly out, F7 (Flyball, 7LS, EV 84.4 MPH)
|
|
Batting: RHB Davey Beeson
|
0-0: Called Strike 0-1: SINGLE (Line Drive, 8LS, EV 100.0 MPH) Pablo Nunez to third Travis Ruppel to second Runner from 3rd tries for Home, SAFE, throw by CF to home
|
|
Batting: RHB Immel Kamuzu
|
0-0: Ball 1-0: Fly out, F7 (Flyball, 7, EV 93.8 MPH)
|
| Top of the 5th over - 6 runs, 4 hits, 1 error, 2 left on base; Springfield 12 - Tennessee 1 |
| BOTTOM OF THE 5TH |
|
Tennessee Smokies batting - Pitching for Springfield Cardinals : RHP Mike Tallerico
|
|
Batting: LHB Emir Jalil
|
0-0: Called Strike 0-1: Ball 1-1: Ball 2-1: Foul Ball, location: 2F 2-2: Ball 3-2: Strikes out swinging
|
|
Batting: RHB Dylan Burke
|
0-0: Called Strike 0-1: Ground out 6-3 (Groundball, 6S, EV 85.6 MPH)
|
|
Batting: LHB Nate Greening
|
0-0: Called Strike 0-1: Ball 1-1: Ball 2-1: Called Strike 2-2: Reached on error, E6 (Groundball, 6, EV 110.0 MPH)
|
|
Batting: RHB Du Kim
|
0-0: Ball Nate Greening steals 2nd base 1-0: Ball 2-0: Ball 3-0: Base on Balls
|
|
Batting: RHB Ricky Ramirez
|
0-0: Hit by Pitch Nate Greening to third Du Kim to second
|
|
Batting: LHB Daigo Ishii
|
0-0: Ground out 1-3 (Groundball, 13S, EV 71.9 MPH)
|
| Bottom of the 5th over - 0 runs, 0 hits, 1 error, 3 left on base; Springfield 12 - Tennessee 1 |
| TOP OF THE 6TH |
|
Springfield Cardinals batting - Pitching for Tennessee Smokies : RHP Alvaro Romero
|
|
Batting: RHB Kalidas Mishra
|
0-0: Called Strike 0-1: Ball 1-1: Ball 2-1: Called Strike 2-2: Ball 3-2: SINGLE (Groundball, 4MD, EV 99.4 MPH)
|
|
Batting: RHB Fortunato Fteira
|
0-0: Ball 1-0: TRIPLE (Flyball, 89XD, EV 95.0 MPH) Kalidas Mishra scores
|
|
Batting: RHB McGwire Jones
|
0-0: Foul Ball, location: 2F 0-1: Ball 1-1: Ball 2-1: Foul Ball, location: 2F 2-2: Ball 3-2: Ground out 4-3 (Groundball, P, EV 81.2 MPH) Fortunato Fteira scores
|
|
Batting: LHB Angelo Vasquez
|
0-0: Ball 1-0: Foul Ball, location: 2F 1-1: Ball 2-1: Ball 3-1: Base on Balls
|
|
Batting: RHB Pablo Nunez
|
0-0: Called Strike 0-1: Swinging Strike 0-2: Strikes out swinging
|
|
Batting: LHB Travis Ruppel
|
0-0: Called Strike 0-1: Ball 1-1: Ball 2-1: Ball 3-1: Foul Ball, location: 2F 3-2: Base on Balls Angelo Vasquez to second
|
|
Batting: RHB Tommy Boudreaux
|
0-0: SINGLE (Flyball, 78S, EV 89.4 MPH) Angelo Vasquez to third Travis Ruppel to second
|
|
Batting: RHB Davey Beeson
|
0-0: Fly out, F9 (Flyball, 9, EV 86.2 MPH)
|
| Top of the 6th over - 2 runs, 3 hits, 0 errors, 3 left on base; Springfield 14 - Tennessee 1 |
| BOTTOM OF THE 6TH |
|
Tennessee Smokies batting - Pitching for Springfield Cardinals : RHP Mike Tallerico
|
|
Batting: RHB Juan Bonilla
|
0-0: Ball 1-0: Ground out 3-1 (Groundball, 34, EV 76.2 MPH)
|
|
Batting: RHB Armando Vilano
|
0-0: Called Strike 0-1: Fly out, F8 (Flyball, 78S, EV 84.4 MPH)
|
|
Batting: RHB Roy Battist
|
0-0: Ball 1-0: Foul Ball, location: 2F 1-1: DOUBLE (Line Drive, 9LM, EV 104.4 MPH)
|
|
Batting: LHB Emir Jalil
|
0-0: Foul Ball, location: 2F 0-1: Called Strike 0-2: Ball 1-2: Strikes out looking
|
| Bottom of the 6th over - 0 runs, 1 hit, 0 errors, 1 left on base; Springfield 14 - Tennessee 1 |
| TOP OF THE 7TH |
|
Springfield Cardinals batting - Pitching for Tennessee Smokies : RHP Alvaro Romero
|
|
Pitching: RHP Denis Rachin
|
|
|
Batting: RHB Immel Kamuzu
|
0-0: Called Strike 0-1: Ball 1-1: Fly out, F9 (Flyball, 9, EV 93.8 MPH)
|
|
Batting: RHB Kalidas Mishra
|
0-0: Called Strike 0-1: Called Strike 0-2: Ball 1-2: Ball 2-2: Ball 3-2: SOLO HOME RUN (Flyball, 7D, EV 99.4 MPH), Distance : 390 ft
|
|
Batting: RHB Fortunato Fteira
|
0-0: Ball 1-0: Ball 2-0: Foul Ball, location: 2F 2-1: Ball 3-1: Called Strike 3-2: Base on Balls
|
|
Batting: RHB McGwire Jones
|
0-0: Ball 1-0: Ball 2-0: Called Strike 2-1: Foul Ball, location: 2F 2-2: Strikes out swinging
|
|
Batting: LHB Angelo Vasquez
|
0-0: Foul Ball, location: 2F 0-1: Ball 1-1: Ball 2-1: Ball 3-1: Foul Ball, location: 2F 3-2: Foul Ball, location: 2F 3-2: Foul Ball, location: 2F 3-2: Fly out, F9 (Flyball, 9, EV 95.6 MPH)
|
| Top of the 7th over - 1 run, 1 hit, 0 errors, 1 left on base; Springfield 15 - Tennessee 1 |
| BOTTOM OF THE 7TH |
|
Tennessee Smokies batting - Pitching for Springfield Cardinals : RHP Mike Tallerico
|
|
Batting: RHB Dylan Burke
|
0-0: Called Strike 0-1: DOUBLE (Line Drive, 9LM, EV 110.0 MPH)
|
|
Batting: LHB Nate Greening
|
0-0: Ball 1-0: Ball 2-0: Foul Ball, location: 2F 2-1: Foul Ball, location: 2F 2-2: Ball 3-2: TRIPLE (Line Drive, 9LD, EV 101.2 MPH) Dylan Burke scores
|
|
Pitching: RHP Chris Ray
|
|
|
Batting: RHB Du Kim
|
0-0: Ball 1-0: Swinging Strike 1-1: Ball 2-1: Called Strike 2-2: Foul Ball, location: 2F 2-2: Strikes out swinging
|
|
Batting: RHB Ricky Ramirez
|
0-0: Called Strike 0-1: Swinging Strike 0-2: Strikes out swinging
|
|
Batting: LHB Daigo Ishii
|
0-0: SINGLE (Flyball, 8LS, EV 85.0 MPH) Nate Greening scores
|
|
Batting: RHB Juan Bonilla
|
0-0: Ball 1-0: Ball 2-0: Swinging Strike 2-1: Fielders Choice at 2nd, 6-4 (Groundball, 6, EV 80.6 MPH)
|
| Bottom of the 7th over - 2 runs, 3 hits, 0 errors, 1 left on base; Springfield 15 - Tennessee 3 |
| TOP OF THE 8TH |
|
Springfield Cardinals batting - Pitching for Tennessee Smokies : RHP Denis Rachin
|
|
Batting: RHB Pablo Nunez
|
0-0: Ball 1-0: Ground out 6-3 (Groundball, 6, EV 88.1 MPH)
|
|
Batting: LHB Travis Ruppel
|
0-0: Ball 1-0: Called Strike 1-1: Swinging Strike 1-2: Ball 2-2: Ball 3-2: Foul Ball, location: 2F 3-2: Base on Balls
|
|
Batting: RHB Tommy Boudreaux
|
0-0: Ball 1-0: Ball 2-0: Swinging Strike 2-1: Ball 3-1: Base on Balls Travis Ruppel to second
|
|
Pitching: RHP Taylor Garofalo
|
|
|
Batting: RHB Davey Beeson
|
0-0: Fly out, F7 (Flyball, 78D, EV 108.8 MPH)
|
|
Batting: RHB Immel Kamuzu
|
0-0: Called Strike 0-1: 3-RUN HOME RUN (Line Drive, 9D, EV 100.6 MPH), Distance : 382 ft
|
|
Batting: RHB Kalidas Mishra
|
0-0: Ball 1-0: Fly out, F8 (Flyball, 8RM, EV 77.5 MPH)
|
| Top of the 8th over - 3 runs, 1 hit, 0 errors, 0 left on base; Springfield 18 - Tennessee 3 |
| BOTTOM OF THE 8TH |
|
Tennessee Smokies batting - Pitching for Springfield Cardinals : RHP Chris Ray
|
|
Batting: RHB Armando Vilano
|
0-0: Fly out, F4 (Popup, 34, EV 59.4 MPH)
|
|
Batting: RHB Roy Battist
|
0-0: Called Strike 0-1: Ball 1-1: Ball 2-1: Ball 3-1: Foul Ball, location: 2F 3-2: Base on Balls
|
|
Batting: LHB Emir Jalil
|
0-0: Ball 1-0: Fly out, F9 (Flyball, 9, EV 90.0 MPH)
|
|
Batting: RHB Dylan Burke
|
0-0: Ball 1-0: Ball 2-0: Called Strike 2-1: Foul Ball, location: 2F 2-2: Fly out, F9 (Flyball, 9, EV 90.6 MPH)
|
| Bottom of the 8th over - 0 runs, 0 hits, 0 errors, 1 left on base; Springfield 18 - Tennessee 3 |
| TOP OF THE 9TH |
|
Springfield Cardinals batting - Pitching for Tennessee Smokies : RHP Taylor Garofalo
|
|
Batting: RHB Fortunato Fteira
|
0-0: Foul Ball, location: 2F 0-1: Ball 1-1: Called Strike 1-2: Ball 2-2: Ball 3-2: Base on Balls
|
|
Batting: RHB McGwire Jones
|
0-0: Ball 1-0: Foul Ball, location: 2F 1-1: Ball 2-1: Fly out, F9 (Flyball, 89S, EV 86.9 MPH)
|
|
Batting: LHB Angelo Vasquez
|
0-0: Ball Passed Ball! Fortunato Fteira to second 1-0: Foul Ball, location: 2F 1-1: DOUBLE (Line Drive, 89M, EV 91.9 MPH) Fortunato Fteira scores
|
|
Batting: RHB Pablo Nunez
|
0-0: Fly out, F9 (Flyball, 89M, EV 70.6 MPH)
|
|
Batting: LHB Travis Ruppel
|
0-0: Ball 1-0: Ball 2-0: Called Strike 2-1: Fly out, F8 (Flyball, 8LM, EV 84.4 MPH)
|
| Top of the 9th over - 1 run, 1 hit, 0 errors, 1 left on base; Springfield 19 - Tennessee 3 |
| BOTTOM OF THE 9TH |
|
Tennessee Smokies batting - Pitching for Springfield Cardinals : RHP Chris Ray
|
|
Batting: LHB Nate Greening
|
0-0: Ball 1-0: Ball 2-0: Called Strike 2-1: Ground out 4-3 (Groundball, 4D, EV 101.2 MPH)
|
|
Batting: RHB Du Kim
|
0-0: Foul Ball, location: 2F 0-1: Swinging Strike 0-2: Fly out, F7 (Flyball, 78S, EV 82.5 MPH)
|
|
Batting: RHB Ricky Ramirez
|
0-0: Ball 1-0: Ball 2-0: Ball 3-0: Base on Balls
|
|
Pitching: LHP John Grinter
|
|
|
Batting: LHB Daigo Ishii
|
0-0: Ball 1-0: Ball 2-0: Called Strike 2-1: SINGLE (Line Drive, 6MD, EV 96.9 MPH) Ricky Ramirez to second
|
|
Batting: RHB Juan Bonilla
|
0-0: Ball 1-0: Called Strike 1-1: Ball 2-1: Ball 3-1: Called Strike 3-2: Strikes out swinging
|
| Bottom of the 9th over - 0 runs, 1 hit, 0 errors, 2 left on base; Springfield 19 - Tennessee 3 |
|